 Dungeon Crawl Stone Soup version 0.28.0-49-g6dfe1f597d (webtiles) character file.

Game seed: 2163537485218002274

9 Kyun the Skirmisher (level 2, -1/19 HPs)
             Began as a Gargoyle Monk on May 12, 2022.
             Was the Champion of Ignis.
             Slain by a hobgoblin (3 damage)
             ... on level 1 of the Dungeon.
             The game lasted 00:01:06 (651 turns).

Kyun the Skirmisher (Gargoyle Monk)                  Turns: 651, Time: 00:01:06

Health: -1/19      AC:  4    Str: 14    XL:     2   Next: 16%
Magic:  2/2        EV: 12    Int: 10    God:    Ignis [******]
Gold:   15         SH:  0    Dex: 12    Spells: 1/1 levels left

rFire   + . .      SeeInvis .     - Unarmed
rCold   . . .      Faith    .   (no shield)
rNeg    + . .      Spirit   .   a - +0 robe
rPois   ∞          Reflect  .   (no helmet)
rElec   +          Harm     .   (no cloak)
rCorr   .          Rampage  .   (no gloves)
Will    .....                   (no boots)
Stlth   ++........              (no amulet)
HPRegen 0.06/turn               (no ring)
MPRegen 0.08/turn               (no ring)

@: no status effects
A: sickness immunity, AC +2, negative energy resistance 1, electricity
resistance, torment resistance 1, petrification resistance
a: Renounce Religion, Fiery Armour, Foxfire Swarm, Rising Flame


You were on level 1 of the Dungeon.
You worshipped Ignis.
Ignis was exalted by your worship.
You visited 1 branch of the dungeon, and saw 1 of its levels.

You collected 15 gold pieces.

Inventory:

Armour
 a - a +0 robe (worn)
Scrolls
 b - a scroll of blinking {unknown}


   Skills:
 + Level 3.4 Fighting
 + Level 2.6 Dodging
 + Level 2.2 Stealth
 + Level 3.1 Unarmed Combat


You had one spell level left.
You didn't know any spells.
Your spell library was empty.

Dungeon Overview and Level Annotations

Branches:
Dungeon (1/15)

Altars:
Ignis


Innate Abilities, Weirdness & Mutations

You are immune to sickness and miasma.
Your stone body is resilient. (AC +2)
You are immune to poison.
You resist negative energy. (rN+)
You are resistant to electric shocks. (rElec)
You are resistant to unholy torment.
You are immune to petrification.


Message History

The hobgoblin barely misses you.
The hobgoblin hits you but does no damage.
The hobgoblin hits you but does no damage.
The hobgoblin hits you. The hobgoblin barely misses you.
The hobgoblin hits you but does no damage.
The hobgoblin misses you. The hobgoblin barely misses you.
The hobgoblin hits you. The hobgoblin closely misses you.
The hobgoblin barely misses you. The hobgoblin misses you.
The hobgoblin hits you but does no damage.
The hobgoblin barely misses you. The hobgoblin closely misses you.
The hobgoblin hits you. The hobgoblin misses you.
The hobgoblin barely misses you. The hobgoblin closely misses you.
The hobgoblin closely misses you. The hobgoblin closely misses you.
The hobgoblin hits you but does no damage.
The hobgoblin barely misses you. The hobgoblin barely misses you.
The hobgoblin hits you but does no damage.
The hobgoblin closely misses you. The hobgoblin hits you.
The hobgoblin barely misses you. The hobgoblin hits you.
* * * LOW HITPOINT WARNING * * *
The hobgoblin hits you but does no damage.
The hobgoblin closely misses you.
The hobgoblin hits you but does no damage.
The hobgoblin hits you.
* * * LOW HITPOINT WARNING * * *
The hobgoblin barely misses you. The hobgoblin closely misses you.
The hobgoblin barely misses you. The hobgoblin hits you.
You die...

## ... .# ### .# #.#
#.# #.# #.######.#.
#..gg@...#.###
#######..# ..# #####
#..# #.# #...#
#..###.####...##
#.........'...'.
######...##.####...##
.........##.# #...#
#######..##.####...##
#..##.##.......


You could see a hobgoblin and a goblin.

Vanquished Creatures
  A bat (D:1)
  An endoplasm (D:1)
  2 goblins (D:1)
  A hobgoblin (D:1)
  A kobold (D:1)
  A ball python (D:1)
  A rat (D:1)
8 creatures vanquished.

Notes
Turn   | Place    | Note
-------+----------+-------------------------------------------
     0 | D:1      | Kyun the Gargoyle Monk began the quest for the Orb.
     0 | D:1      | Reached XP level 1. HP: 14/14 MP: 1/1
    46 | D:1      | Found a faded altar of an unknown god.
    58 | D:1      | Prayed at the altar of an unknown god.
    58 | D:1      | Became a worshipper of Ignis, the Dying Flame
    58 | D:1      | Reached ****** piety under Ignis
   414 | D:1      | Reached XP level 2. HP: 19/19 MP: 2/2
   651 | D:1      | Slain by a hobgoblin

Illustrated notes

Levels and vault maps discovered:
D:1:      sevenhm_arrival_forest_fort_small_3, layout_basic,
          chequers_ecumenical_altar_simple

Action                   || total
-------------------------++-------
Melee: Unarmed           ||    39
       Punch             ||     2
 Stab: Sleeping          ||     1
Armor: Robe              ||    22
Dodge: Dodged            ||    78
